 Dungeon Crawl Stone Soup version 0.22-a0-469-gf26638a (webtiles) character file.

5241 DrEnzyme the Fighter (level 10, -3/76 HPs)
             Began as an Octopode Wanderer on June 11, 2018.
             Was an Initiate of Gozag.
             Slain by a rime drake (7 damage)
             ... on level 11 of the Dungeon.
             The game lasted 00:37:06 (11295 turns).

DrEnzyme the Fighter (Octopode Wanderer)           Turns: 11295, Time: 00:37:06

Health: -3/76      AC:  1    Str:  9 (12) XL:     10   Next: 62%
Magic:  14/14      EV: 18    Int: 18 (20) God:    Gozag
Gold:   481        SH:  0    Dex: 13 (14) Spells: 9/15 levels left

rFire    + + .     SeeInvis .   g - +10 mace of Eternal Vigilance {crush, MR+}
rCold    + + +     Gourm    .   (no shield)
rNeg     . . .     Faith    .   (helmet restricted)
rPois    .         Spirit   .   (no amulet)
rElec    .         Reflect  .   p - ring of protection from cold
rCorr    .         Harm     .   d - ring of protection from cold
MR       +....                  k - ring of protection from fire
Stlth    ++........             o - ring of protection from cold
HPRegen  0.22/turn              (no ring)
MPRegen  0.14/turn              (no ring)
                                (no ring)
                                (no ring)

@: confused, brilliant, frozen, flying, hasted, quick
A: almost no armour, stealthy swim, amphibious, 8 rings, constrict 8, camouflage
1, fire resistance 1, wild magic 1, gelatinous body 1
a: Potion Petition, Call Merchant, Bribe Branch, Renounce Religion


You were on level 11 of the Dungeon.
You worshipped Gozag.
Gozag was aware of your devotion.
You were not hungry.

You visited 3 branches of the dungeon, and saw 13 of its levels.
You also visited: Sewer.

You collected 1273 gold pieces.
You paid 792 gold pieces to Gozag.

Inventory:

Hand Weapons
 a - a +3 hand axe
 g - the +10 mace of Eternal Vigilance (weapon) {crush, MR+}
   (You found it on level 10 of the Dungeon)

   It inflicts extra damage upon your enemies.
   It affects your resistance to hostile enchantments.
 y - the cursed +3 falchion "Ceybegh" {speed, Str+3, unknown}
   (You found it on level 1 of the Lair of Beasts)

   Attacks with this weapon are significantly faster.
   It affects your strength (+3).
   It has a curse placed upon it.
Jewellery
 d - a ring of protection from cold (right tentacle)
 k - a ring of protection from fire (on tentacle)
 o - a ring of protection from cold (on tentacle)
 p - a ring of protection from cold (left tentacle)
Wands
 m - a wand of digging (10)
 u - a wand of flame (23)
 w - a wand of acid (5)
 x - a wand of disintegration (25)
Scrolls
 b - 3 scrolls of fear
 e - a scroll of blinking
 i - 4 scrolls of identify
 l - a scroll of teleportation
Potions
 f - a potion of agility
 h - 2 potions of haste
 j - a potion of might
 q - a potion of brilliance
 s - a potion of invisibility {unknown}
 v - 2 potions of degeneration
Miscellaneous
 z - a lightning rod (inert)
Comestibles
 c - 15 rations


   Skills:
 * Level 10.0 Fighting
 - Level 7.7(7.9) Axes
 + Level 2.0(5.2) Maces & Flails
   Level 1.0 Crossbows
 * Level 8.6 Dodging
 - Level 1.3 Stealth
   Level 1.0 Shields
 - Level 1.0 Unarmed Combat
 + Level 3.0 Spellcasting
 + Level 3.1 Hexes


You had 9 spell levels left.
You knew the following spells:

 Your Spells              Type           Power        Failure   Level  Hunger
a - Confusing Touch       Hex            ####..       1%          1    None
b - Apportation           Tloc           ###...       2%          1    None
c - Summon Butterflies    Summ           ###.....     2%          1    None
d - Tukima's Dance        Hex            ####....     2%          3    ###....

Your spell library contained the following spells:

 Spells                   Type           Power        Failure   Level  Hunger
 Invisibility             Hex            ####....     54%         6    #######
 Summon Small Mammal      Summ           ###.         2%          1    None
 Animate Skeleton         Necr           N/A          2%          1    None
 Stone Arrow              Conj/Erth      ###...       7%          3    ###....
 Passwall                 Tmut/Erth      ###.....     4%          2    ##.....
 Alistair's Intoxication  Tmut/Pois      ###.....     43%         5    ######.
 Lee's Rapid Deconstruct  Erth           ###.......   43%         5    ######.
 Sandblast                Erth           ###...       2%          1    None
 Petrify                  Tmut/Erth      ###.....     21%         4    ####...
 Lesser Beckoning         Tloc           ###.......   7%          3    ###....


Dungeon Overview and Level Annotations

Branches:
Dungeon (11/15)            Temple (1/1) D:6            Lair (1/6) D:9
    Orc: D:9-12

Altars:
Ashenzari
Cheibriados
Dithmenos
Elyvilon
Fedhas
Gozag
Hepliaklqana
Kikubaaqudgha
Makhleb
Nemelex Xobeh
Okawaru
Qazlal
Ru
Sif Muna
Trog
Uskayaw
Vehumet
Wu Jian
Xom
Yredelemnul
Zin
The Shining One

Annotations:
D:3 exclusion: downstairs
D:4 exclusion: downstairs, Mvp777's ghost, amateur OgGl
D:5 Grinder
D:6 exclusion: ogre
D:9 exclusion: downstairs
D:10 exclusion: downstairs


Innate Abilities, Weirdness & Mutations

You cannot wear most types of armour.
You are very stealthy in the water. (Stealth+)
You are amphibious.
You can wear up to eight rings at the same time.
You can use your tentacles to constrict eight enemies at once.
Your skin changes colour to match your surroundings (Stealth+).
Your rubbery body absorbs attacks. (AC +1, EV +1)
Your flesh is heat resistant. (rF+)
Your spells are a little harder to cast, but a little more powerful.


Message History

Unknown command.
You're too confused!
You're too confused!
You're too confused!
You're too confused!
You're too confused!
You're too confused!
You're too confused!
You're too confused!
You're too confused!
You're too confused!
You're too confused!
You're too confused!
You're too confused!
Unknown command.
It was a potion of flight.
You feel more buoyant. The rime drake bites you!
You die...
Your body crumbles into a pile of gold.

# ###. .. . #...
... ##.#.# .#.###
#.$.(.#######
......
≈≈≈≈≈..##...#
.#..#
#####.@....####..#
#....kk#........#
#.....≈#######.##
## #...≈#.# #.##
#.# #..≈#≈## #..##
##.## #.....#≈##
#.#.###.###
?......≈...#
#...#.#.#...
#.#.###.##.#
#...##.##.## # #
.). .. #...#####.#


You could see 2 rime drakes.

Vanquished Creatures
  A hippogriff (D:9)
  7 yaks
  A wyvern (D:10)
  2 black bears
  2 ice beasts
  2 orc warriors
  2 sky beasts
  2 ogres
  3 phantoms
  A wolf (D:9)
  6 centaurs
  2 crocodiles
  A big kobold (D:8)
  2 bullfrogs
  A scorpion (D:8)
  A water moccasin skeleton (D:3)
  5 killer bees
  5 wights (D:10)
  A howler monkey (D:10)
  5 crimson imps
  A centaur zombie (D:6)
  A quasit (D:10)
  4 centaur skeletons
  2 orc priests (D:4)
  A gnoll shaman (D:6)
  3 jellies
  8 orc wizards
  An iguana (D:10)
  8 worker ants
  A hound zombie (D:6)
  A howler monkey skeleton (D:2)
  12 adders
  5 gnolls (D:6)
  2 oozes
  An adder skeleton (D:4)
  A worm (D:4)
  A dart slug (D:2)
  3 leopard geckos
  25 orcs
  16 bats
  6 giant cockroaches
  7 goblins
  4 hobgoblins
  11 jackals
  6 kobolds
  4 quokkas
  A ball python (D:3)
  A ball python skeleton (D:6)
  6 frilled lizards
  2 jackal skeletons
  A leopard gecko skeleton (D:6)
  2 leopard gecko zombies (D:5)
  5 rats
205 creatures vanquished.

Notes
Turn   | Place    | Note
-------+----------+-------------------------------------------
     0 | D:1      | DrEnzyme the Octopode Wanderer began the quest for the Orb.
     0 | D:1      | DrEnzyme set off with: a +2 hand axe, 2 potions of curing, a ration
     0 | D:1      | Reached XP level 1. HP: 18/18 MP: 1/1
    29 | D:1      | Reached XP level 2. HP: 10/24 MP: 2/2
   264 | D:1      | Reached skill level 1 in Unarmed Combat
   342 | D:1      | Reached skill level 1 in Dodging
   530 | D:1      | Reached XP level 3. HP: 29/29 MP: 3/3
   769 | D:2      | Found a glowing golden altar of the Shining One.
   778 | D:2      | Found a basalt altar of Yredelemnul.
   851 | D:2      | Found a sparkling altar of Nemelex Xobeh.
   859 | D:2      | Noticed a phantom
  1303 | D:2      | Found a bloodstained altar of Trog.
  1353 | D:2      | Reached XP level 4. HP: 19/35 MP: 4/4
  1610 | D:2      | Noticed a profane servitor
  1781 | D:3      | Reached XP level 5. HP: 27/41 MP: 5/5
  2804 | D:4      | Noticed Mvp777's ghost (amateur OgGl)
  2858 | D:4      | Reached skill level 6 in Fighting
  2858 | D:4      | Reached XP level 6. HP: 15/46 MP: 6/6
  3393 | D:4      | Reached XP level 7. HP: 16/53 MP: 7/7
  3487 | D:4      | Found a snail-covered altar of Cheibriados.
  3494 | D:4      | Found an ancient bone altar of Kikubaaqudgha.
  3509 | D:4      | Found a hazy altar of Hepliaklqana.
  3514 | D:4      | Found an ornate altar of the Wu Jian Council.
  3519 | D:4      | Found a hide-covered altar of Uskayaw.
  3524 | D:4      | Found a shadowy altar of Dithmenos.
  3535 | D:4      | Found a glowing silver altar of Zin.
  3745 | D:5      | Entered Level 5 of the Dungeon
  3859 | D:5      | Found a glowing drain.
  3891 | Sewer    | Entered a sewer
  4355 | D:5      | Noticed Grinder
  4388 | D:5      | Found a stormy altar of Qazlal.
  4424 | D:5      | Noticed an air elemental
  4427 | D:5      | Noticed a water elemental
  4427 | D:5      | Noticed a fire elemental
  4524 | D:5      | Reached skill level 7 in Fighting
  4524 | D:5      | Reached skill level 5 in Axes
  4649 | D:6      | Reached XP level 8. HP: 49/60 MP: 8/8
  4724 | D:6      | Gained mutation: You are dopey. (Int -2) [potion of mutation]
  4724 | D:6      | Gained mutation: You have a beak for a mouth. [potion of mutation]
  4909 | D:6      | Found a staircase to the Ecumenical Temple.
  4918 | Temple   | Entered the Ecumenical Temple
  5132 | Temple   | Became a worshipper of Gozag Ym Sagoz the Greedy
  5206 | D:6      | Reached skill level 5 in Dodging
  6082 | D:7      | Reached skill level 8 in Fighting
  6243 | D:7      | Reached XP level 9. HP: 57/66 MP: 9/9
  6939 | D:7      | Learned a level 1 spell: Confusing Touch
  6941 | D:7      | Learned a level 1 spell: Apportation
  7701 | D:8      | Learned a level 1 spell: Summon Butterflies
  8128 | D:9      | Found a staircase to the Lair.
  8691 | D:9      | Reached skill level 9 in Fighting
  8716 | D:9      | Reached skill level 1 in Spellcasting
  8716 | D:9      | Reached skill level 1 in Hexes
  8779 | D:10     | Entered Level 10 of the Dungeon
  9472 | D:10     | Reached XP level 10. HP: 37/74 MP: 12/12
  9692 | D:9      | Learned a level 3 spell: Tukima's Dance
  9720 | Lair:1   | Entered Level 1 of the Lair of Beasts
  9723 | Lair:1   | Got a steaming falchion
  9739 | D:9      | HP: 1/74 [something (3)]
 10074 | D:9      | Lost mutation: You are dopey. (Int -2) [potion of mutation]
 10074 | D:9      | Lost mutation: You have a beak for a mouth. [potion of mutation]
 10074 | D:9      | Gained mutation: Your spells are a little harder to cast, but a little more powerful. [potion of mutation]
 10074 | D:9      | Gained mutation: Your flesh is heat resistant. (rF+) [potion of mutation]
 10392 | D:10     | Got a slimy mace
 10430 | D:10     | Identified the +10 mace of Eternal Vigilance {crush, MR+} (You found it on level 10 of the Dungeon)
 10603 | D:10     | Reached skill level 1 in Maces & Flails
 10893 | D:10     | Found a portal to a secret trove of treasure.
 11021 | D:10     | Reached skill level 10 in Fighting
 11168 | D:11     | Noticed a white ugly thing
 11294 | D:11     | HP: 1/76 [rime drake (7)]
 11295 | D:11     | Slain by a rime drake

Vault maps used:
D:1:      scummos_arrival_hexagon
D:2:      grunt_temple_overflow_holy_war, lemuel_round_altar, bloody_trog
D:4:      grunt_temple_overflow_octagram
D:5:      black_bear_nest_1, nicolae_qazlal_style_of_elements,
          gup_sewer_entry_glass, first_ration, uniq_grinder
D:6:      lemuel_temple_firewalk_b, palyth_stone_intersect
D:8:      blue_anna_alchemist, grunt_decor_one_mirror
D:9:      david_lair_generic
D:10:     nicolae_trove_entry_columns
D:11:     portal_ice_cave_rime, basic_altar, grunt_potential
Temple:   dpeg_chambers_temple
Lair:1:   minmay_lair_oklob_chamber, uniq_harold
Sewer:    sewer_big_baddie

Skill      XL: |  1  2  3  4  5  6  7  8  9 10 |
---------------+-------------------------------+-----
Unarmed Combat | 1 |  1.0
Dodging        | 1 2 3 4 6 7 8 |  8.6
Axes           | 3 4 5 6 7 |  7.7
Fighting       | 6 7 8 9 10 | 10.0
Spellcasting   | 1 3 |  3.0
Hexes          | 1 3 |  3.1
Maces & Flails | 2 |  2.0
Crossbows      | |  1.0
Stealth        | |  1.3
Shields        | |  1.0

Action                   |  1- 3 |  4- 6 |  7- 9 | 10-12 || total
-------------------------+-------+-------+-------+-------++-------
Melee: Hand axe          |    68 |    98 |   332 |    32 ||   530
       Constrict         |    14 |    24 |    53 |    11 ||   102
       Tentacles         |     8 |    14 |    90 |    15 ||   127
       Punch             |       |     1 |     4 |       ||     5
       Peck              |       |       |    52 |     3 ||    55
       Mace              |       |       |       |    67 ||    67
 Cast: Confusing Touch   |       |       |     2 |       ||     2
Invok: Potion Petition   |       |       |     2 |     2 ||     4
Evoke: Wand              |       |       |       |     9 ||     9
       Lightning rod     |       |       |       |     5 ||     5
  Use: Scroll            |       |     4 |    13 |     5 ||    22
       Potion            |       |     9 |    12 |     6 ||    27
 Stab: Sleeping          |     7 |     7 |     9 |     1 ||    24
       Distracted        |       |     1 |     1 |     1 ||     3
  Eat: Chunk             |     1 |     6 |     2 |       ||     9
       Ration            |       |       |     6 |     1 ||     7
Armor: Skin              |    25 |     8 |    30 |       ||    63
Dodge: Dodged            |    96 |    92 |   251 |    85 ||   524

Table legend:
 A = Spawn XP
 B = Non-spawn XP
 C = Spawn XP percentage of total XP
 D = Spawn monster count
 E = Non-spawn monster count
 F = Spawn count percentage of total count
 G = Total turns spent on level
                    A         B        C        D         E        F      G
               +---------+---------+-------+---------+---------+-------+---------
         Total |       0 |    7488 |   0.0 |       0 |     205 |   0.0 | 11295
               +---------+---------+-------+---------+---------+-------+---------
           D:1 |       0 |      37 |   0.0 |       0 |      22 |   0.0 |   757
           D:2 |       0 |      62 |   0.0 |       0 |      16 |   0.0 |   991
           D:3 |       0 |     137 |   0.0 |       0 |      23 |   0.0 |  1274
           D:4 |       0 |     450 |   0.0 |       0 |      19 |   0.0 |   760
           D:5 |       0 |     359 |   0.0 |       0 |      13 |   0.0 |   730
           D:6 |       0 |     909 |   0.0 |       0 |      34 |   0.0 |  1211
           D:7 |       0 |     712 |   0.0 |       0 |      14 |   0.0 |   856
           D:8 |       0 |     621 |   0.0 |       0 |       9 |   0.0 |  1323
           D:9 |       0 |     942 |   0.0 |       0 |       9 |   0.0 |  1379
          D:10 |       0 |    2969 |   0.0 |       0 |      38 |   0.0 |  1539
          D:11 |       0 |     172 |   0.0 |       0 |       2 |   0.0 |   114
         Sewer |       0 |     118 |   0.0 |       0 |       6 |   0.0 |   118
               +---------+---------+-------+---------+---------+-------+---------
